 Dungeon Crawl Stone Soup version 0.30.1-11-g7821555f0a (webtiles) character file.

Game seed: 7491140625339467746

896 KyoPewz the Covert (level 7, -1/32 HPs)
             Began as a Felid Enchanter on Jan 6, 2024.
             Was a Believer of Dithmenos.
             Killed from afar by a steam dragon (17 damage)
             ... with a ball of steam
             ... on level 6 of the Dungeon.
             The game lasted 00:37:15 (7807 turns).

KyoPewz the Covert (Felid Enchanter)                Turns: 7807, Time: 00:37:15

Health: -1/32      AC:  2    Str:  4    XL:     7   Next: 78%
Magic:  13/14      EV: 22    Int: 16    God:    Dithmenos [**....]
Gold:   338        SH:  0    Dex: 19    Spells: 0/14 levels left
                                        Lives:  0   Deaths: 2

rFire   . .          .
                       - Unarmed
rCold   . . .        (shield unavailable)
rNeg    . . .        (body armour unavailable)
rPois   .            (helmet unavailable)
rElec   .            (cloak unavailable)
rCorr   .            (gloves unavailable)
SInv    +            (boots unavailable)
Will    +....        (no amulet)
Stlth   ++++++       s - ring of flight
HPRegen 0.25/turn    (no ring)
MPRegen 0.14/turn

%: no passive effects
@: flying, wreathed by umbra, quick
A: very small, claws 1, fangs 3, see invisible, speed 1, shaggy fur 2, stealthy
paws, no weapons or thrown items, no armour, multi-lived
a: Renounce Religion, Shadow Step


You were on level 6 of the Dungeon.
You worshipped Dithmenos.
Dithmenos was pleased with you.
You visited 2 branches of the dungeon, and saw 7 of its levels.
You also visited: Sewer.

You collected 338 gold pieces.

Inventory:

Jewellery
 s - a ring of flight (left paw)
Wands
 p - a wand of flame (6)
 t - a wand of acid (2)
Scrolls
 b - 2 scrolls of magic mapping
 d - a scroll of immolation {unknown}
 f - a scroll of enchant armour {unknown}
 g - 2 scrolls of fear
 i - 3 scrolls of teleportation {unknown}
 j - a scroll of vulnerability
 n - a scroll of amnesia {unknown}
 r - 3 scrolls of identify
 v - a scroll of torment {unknown}
 B - 3 scrolls of blinking
Potions
 a - a potion of invisibility
 c - 2 potions of cancellation {unknown}
 e - 5 potions of lignification
 h - a potion of haste
 k - a potion of berserk rage {unknown}
 l - 4 potions of heal wounds
 m - a potion of resistance {unknown}
 o - 2 potions of flight
 q - 3 potions of curing
 u - 2 potions of mutation {unknown}


   Skills:
 - Level 4.0 Fighting
 - Level 7.0 Dodging
 - Level 9.0 Stealth
 - Level 5.0 Unarmed Combat
 - Level 4.0 Spellcasting
 + Level 1.3 Conjurations
 - Level 6.0 Hexes
 + Level 1.6 Transmutations
 - Level 2.0 Ice Magic
 + Level 1.2 Air Magic
 + Level 1.3 Poison Magic


You couldn't memorise any spells.
You knew the following spells:

 Your Spells              Type           Power      Damage    Failure   Level
a - Ensorcelled Hibernat  Hex/Ice        32%        N/A       4%          2
b - Confusing Touch       Hex            22%        N/A       4%          3
c - Tukima's Dance        Hex            22%        N/A       4%          3
d - Dazzling Flash        Conj/Hex       28%        N/A       12%         3
e - Sting                 Tmut/Pois      28%        1d4       10%         1
A - Poisonous Vapours     Pois/Air       14%        N/A       16%         2

Your spell library contained the following spells:

 Spells                   Type           Power      Damage    Failure   Level
 Magic Dart               Conj           28%        1d4       10%         1
 Searing Ray              Conj           14%        2d5       16%         2
 Fulminant Prism          Conj/Hex       7%         3d6       36%         4
 Leda's Liquefaction      Hex/Erth       6%         N/A       43%         4
 Call Canine Familiar     Summ           3%         N/A       45%         3
 Olgreb's Toxic Radiance  Pois           7%         N/A       69%         4
 Blade Hands              Tmut           4%         N/A       94%         5
 Portal Projectile        Hex/Tloc       Unusable   N/A       N/A         3

Dungeon Overview and Level Annotations

Branches:
Dungeon (6/15)             Temple (1/1) D:4           Sewer (visited)

Altars:
Ashenzari
Cheibriados
Dithmenos
Elyvilon
Kikubaaqudgha
Makhleb
Nemelex Xobeh
Okawaru
Qazlal
Ru
Trog
Vehumet
Zin
The Shining One


Innate Abilities, Weirdness & Mutations

You have sharp claws.
You have razor-sharp teeth.
You have supernaturally acute eyesight. (SInv)
You cover ground quickly. (Speed+)
You are covered in thick fur. (AC +2)
Your paws help you pounce on unaware monsters.
You are incapable of wielding weapons or throwing items.
You cannot wear armour.
You gain extra lives every three experience levels.


Message History

You are too injured to fight recklessly!
You are too injured to fight recklessly!
You scratch the centaur zombie but do no damage.
The centaur zombie is severely damaged.
The centaur zombie misses you.
The centaur zombie completely misses you.
You scratch the centaur zombie.
The centaur zombie is severely damaged.
The centaur zombie misses you. The centaur zombie closely misses you.
You claw the centaur zombie! You claw the centaur zombie.
You destroy the centaur zombie!
Dithmenos accepts your kill.
There is a stone staircase leading up here.
You start resting.
HP restored.
Health restored: 32
Things that are here:
a +0 mace; a +0 robe The steam dragon hisses angrily.
Casting: Tukima's Dance (dangerous; 4% risk of failure)
Confirm with . or Enter, or press ? or * to list all spells.
Aiming: Ensorcelled Hibernation (safe; 4% risk of failure)
Press: ? - help, Shift-Dir - straight line, f - steam dragon
Aim: a steam dragon (chance to affect: 50%)
Okay, then.
Casting: Ensorcelled Hibernation (safe; 4% risk of failure)
Confirm with . or Enter, or press ? or * to list all spells.
Aiming: Ensorcelled Hibernation (safe; 4% risk of failure)
Press: ? - help, Shift-Dir - straight line, f - steam dragon
Aim: a steam dragon (chance to affect: 50%)
The steam dragon resists with some effort.
The steam dragon breathes steam at you. The ball of steam hits you!
Ouch! That really hurt!
You take 17 damage, and have 15/32 hp.
MASSIVE DAMAGE!!
You now have 12/14 mp.
There is a stone staircase leading up here.
The steam dragon breathes steam at you. The ball of steam hits you!
Ouch! That really hurt!
You die...

########...D###.#####
##...#§##### ≈.
#...##§.# ..
###..##§# .≈≈
#.##..#.# ... '.'
#...).D.# .≈≈ #.#
#...§...# ... '.'
#.§§##..##### ≈. #.#
#@..###[.#..# '.'
#...# #...###
###.###...#
##..########
#.'.n.##.##
#.......... #)# #.#
#.#........ #÷####.#
#.#......W. #.#8##.#
#.#........ #......#
#......#### ########
########


There were no monsters in sight!

Vanquished Creatures
  A water moccasin (D:5)
  An ice beast (D:6)
  An orc warrior (D:6)
  A sky beast (D:6)
  A black bear (D:3)
  A phantom (D:6)
  A bullfrog (D:6)
  2 kobold brigands
  2 necrophages (D:6)
  A scorpion (D:4)
  2 electric eels (D:6)
  2 centaur zombies (D:6)
  2 bullfrog zombies (D:6)
  2 hounds
  A gnoll bouda (D:6)
  An orc priest (D:6)
  A human zombie (D:6)
  An iguana (D:6)
  2 orc wizards
  2 sleepcaps (D:5)
  10 gnolls
  3 river rats
  8 adders
  3 white imps
  2 ufetubi
  A worm (D:2)
  4 dart slugs
  15 orcs
  9 ball pythons
  8 bats
  11 endoplasms
  3 giant cockroaches
  16 goblins
  12 hobgoblins
  3 jackals
  2 quokkas
  A frilled lizard (D:2)
  18 kobolds
  9 rats
166 creatures vanquished.

Vanquished Creatures (collateral kills)
  Sigmund (D:4)
  An ogre (D:5)
  A wight (D:6)
  A kobold (Sewer)
4 creatures vanquished.

Vanquished Creatures (others)
  A dancing weapon (Sewer)
1 creature vanquished.

Grand Total: 171 creatures vanquished

Notes
Turn   | Place    | Note
-------+----------+-------------------------------------------
     0 | D:1      | KyoPewz the Felid Enchanter began the quest for the Orb.
     0 | D:1      | Reached XP level 1. HP: 7/7 MP: 4/4
   152 | D:1      | Reached XP level 2. HP: 11/11 MP: 6/6
   154 | D:1      | Reached skill level 5 in Stealth
   157 | D:1      | Learned a level 2 spell: Ensorcelled Hibernation
   675 | D:1      | Reached XP level 3. HP: 7/14 MP: 2/7
   773 | D:1      | Reached skill level 6 in Stealth
  1168 | D:1      | You fall into a shaft and drop 1 floor!
  1710 | D:2      | Reached XP level 4. HP: 18/18 MP: 8/8
  1729 | D:2      | Reached skill level 7 in Stealth
  2046 | D:2      | Learned a level 3 spell: Confusing Touch
  2251 | D:3      | Reached skill level 8 in Stealth
  2256 | D:3      | Reached XP level 5. HP: 18/21 MP: 2/9
  2278 | D:3      | Found a glowing drain.
  2362 | Sewer    | Entered a sewer
  2553 | Sewer    | Learned a level 3 spell: Tukima's Dance
  3014 | Sewer    | Reached skill level 9 in Stealth
  3050 | Sewer    | Found a white marble altar of Elyvilon.
  3271 | D:3      | Found a sacrificial altar of Ru.
  3356 | D:3      | Found a broken altar of Ashenzari.
  3448 | D:3      | Gained mutation: You are covered in thick fur. (AC +2)
                  | [Felid growth]
  3448 | D:3      | Reached XP level 6. HP: 11/24 MP: 1/10
  3528 | D:3      | Reached skill level 1 in Ice Magic
  3986 | D:4      | Reached skill level 5 in Hexes
  4021 | D:4      | Found a staircase to the Ecumenical Temple.
  4026 | Temple   | Entered the Ecumenical Temple
  4162 | Temple   | Became a worshipper of Dithmenos the Shadowed
  4695 | D:4      | Noticed Sigmund
  4706 | D:4      | Killed Sigmund
  4707 | D:4      | Reached XP level 7. HP: 23/28 MP: 3/14
  4860 | D:4      | Learned a level 3 spell: Dazzling Flash
  4862 | D:4      | Learned a level 1 spell: Sting
  4865 | D:4      | Learned a level 2 spell: Poisonous Vapours
  4896 | D:4      | Reached * piety under Dithmenos
  5089 | D:5      | Entered Level 5 of the Dungeon
  5147 | D:5      | Reached skill level 1 in Fighting
  6149 | D:5      | Reached XP level 8. HP: 3/34 MP: 10/15
  6455 | D:6      | Engulfed by a steam dragon's steam
  6456 | D:6      | Reached XP level 7. HP: -9/30 MP: 1/14
  6531 | D:6      | Reached skill level 5 in Dodging
  7010 | D:6      | Reached ** piety under Dithmenos
  7223 | D:6      | Reached XP level 8. HP: 34/36 MP: 7/15
  7365 | D:6      | Reached skill level 5 in Unarmed Combat
  7611 | D:6      | Slain by a killer bee zombie
  7612 | D:6      | Reached XP level 7. HP: -2/32 MP: 8/14
  7633 | D:6      | Reached skill level 1 in Transmutations
  7648 | D:6      | Reached skill level 1 in Conjurations
  7648 | D:6      | Reached skill level 1 in Air Magic
  7648 | D:6      | Reached skill level 1 in Poison Magic
  7807 | D:6      | Killed from afar by a steam dragon

Illustrated notes

Levels and vault maps discovered:
D:1:      nicolae_arrival_somewhat_less_tricky_arrival, layout_basic,
          chequers_decorated_corner, minivault_25, minmay_octomino_c4
D:2:      layout_basic
D:3:      layout_basic, nicolae_overflow_crystal_walls, nicolae_ru_awakened_eye,
          portal_sewer_entry_a
D:4:      cheibrodos_quashed, layout_rooms, temple_doors_ab,
          corexii_item_surrounded_by_moat, serial_bayou_pond_c, minmay_cut_off,
          uniq_sigmund
D:5:      layout_basic, hangedman_decor_riveting
D:6:      layout_rooms, lemuel_mausoleum_altar_yredelemnul, marbit_many_paths,
          nicolae_uskayaw_suspiria, serial_bayou, serial_bayou_lake_a,
          serial_bayou_crossing, serial_bayou_lagoon_a, serial_bayou_pond_e,
          sigmund_army
Temple:   nicolae_temple_godzebo

Skill      XL: |  1  2  3  4  5  6  7  8 |
---------------+-------------------------+-----
Stealth        | 5 6 8 9 |  9.0
Ice Magic      | 2 |  2.0
Hexes          | 6 |  6.0
Spellcasting   | 4 |  4.0
Dodging        | 3 6 7 |  7.0
Fighting       | 4 |  4.0
Unarmed Combat | 4 5 |  5.0
Transmutations | 1 |  1.6
Conjurations   | 1 |  1.3
Air Magic      | 1 |  1.2
Poison Magic   | 1 |  1.3

Action                     |  1- 3 |  4- 6 |  7- 9 || total
---------------------------+-------+-------+-------++-------
  Melee: Unarmed           |   134 |   166 |   254 ||   554
         Bite              |    14 |    15 |    35 ||    64
         Punch             |     1 |       |    12 ||    13
   Cast: Ensorcelled Hiber |    10 |    58 |    43 ||   111
         Tukima's Dance    |       |     8 |     5 ||    13
         Confusing Touch   |       |     1 |     5 ||     6
         Sting             |       |       |    13 ||    13
         Poisonous Vapours |       |       |     4 ||     4
    Use: Potion            |     2 |     1 |     2 ||     5
         Scroll            |       |       |     5 ||     5
   Stab: Sleeping          |    17 |    39 |    20 ||    76
         Distracted        |     1 |       |     3 ||     4
         Confused          |       |       |     3 ||     3
 Armour: Skin              |    12 |    11 |     8 ||    31
  Dodge: Dodged            |    98 |   107 |   237 ||   442
